AoeStats
← MattAtArms

Golden Pit

507122367Analyzed
1v1 RM · 17d ago on Sep 16, 2026· 36m 17s· 2 players
Game mode
Random Map
Map size
Tiny (2 player)
Population
200
Speed
Normal
Resources
Standard
Victory
Conquest
Starting age
Dark Age
Ending age
Imperial Age
RankedLock teamsTeams togetherTeam positionsShared explorationLock speedFull tech treeHidden civsTurbo modeCheats
Victory
Defeat
🇬🇧 Hindustanis · United Kingdom
1911
+15
🇫🇷 Britons · France
1889
-15
Mr.smeagoul
6:10 Loom
6:13 Loom
9:14 Feudal Age
9:49 Double-Bit Axe
13:22 Fletching
17:29 Horse Collar
18:49 Wheelbarrow
22:46 Castle Age
21:10 Gold Mining
21:59 Padded Archer Armor
22:13 Stone Mining
22:49 Crossbowman
23:31 Bodkin Arrow
25:54 Town Watch
29:27 Bow Saw
33:07 Leather Archer Armor
35:47 Ballistics
MattAtArms
8:19 Feudal Age
7:41 Loom
8:55 Double-Bit Axe
9:21 Horse Collar
14:37 Fletching
16:21 Padded Archer Armor
21:20 Castle Age
19:30 Gold Mining
22:21 Leather Archer Armor
22:01 Bodkin Arrow
21:28 Crossbowman
22:20 Bow Saw
24:00 Ballistics
24:36 Leather Archer Armor
25:17 Wheelbarrow
24:27 Town Watch
34:50 Imperial Age
32:37 Scale Mail Armor
35:24 Forging
Connection lost

Rejoining the realm…

Still unreachable

The connection could not be restored.

Session expired

The server has moved on; the page needs a fresh start.